 Dungeon Crawl Stone Soup version 0.25-a0-435-g4b9beb1024 (webtiles) character file.

Game seed: 13872999335199659639, levelgen mode: classic

19721 EnegeticOcto the Demolition Dwarf (level 12, 0/109 HPs)
             Began as a Deep Dwarf Fighter on Jan 27, 2020.
             Was an Elder of Makhleb.
             Slain by a 16-headed hydra (1 damage)
             ... on level 1 of the Lair of Beasts.
             The game lasted 00:10:15 (10256 turns).

EnegeticOcto the Demolition Dwarf (DDFi)           Turns: 10256, Time: 00:10:15

Health: 0/109      AC: 22    Str: 23    XL:     12   Next: 39%
Magic:  5/5        EV:  8    Int:  8    God:    Makhleb [****..]
Gold:   87         SH: 17    Dex: 14    Spells: 11/11 levels left

rFire    . . .     SeeInvis .   a - +1 war axe (vorpal)
rCold    . . .     Gourm    .   L - +0 large shield {AC+3}
rNeg     . . .     Faith    .   C - +0 plate armour
rPois    +         Spirit   .   r - +0 helmet
rElec    .         Reflect  .   (no cloak)
rCorr    .         Harm     .   B - +0 pair of gloves
MR       ++++.     Clarity  +   g - +1 pair of boots
Stlth    ..........             Q - necklace of Bloodlust {*Rage +Rage MR++ Int-3 Slay+6 *Curse} (curse)
HPRegen  0.00/turn              v - ring of protection from magic
MPRegen  0.09/turn              A - ring of poison resistance

@: non-regenerating
A: damage resistance, heal wounds, thin skeletal structure 1, clarity, sense
surroundings 2, no regeneration
a: Heal Wounds, Minor Destruction, Lesser Servant of Makhleb, Major Destruction,
Renounce Religion, Evoke Berserk Rage


You were on level 1 of the Lair of Beasts.
You worshipped Makhleb.
Makhleb was greatly pleased with you.
You were very full.

You visited 4 branches of the dungeon, and saw 18 of its levels.

You collected 1055 gold pieces.
You spent 968 gold pieces at shops.

Inventory:

Hand Weapons
 a - a +1 vorpal war axe (weapon)
Missiles
 y - 2 throwing nets (quivered)
Armour
 g - a +1 pair of boots (worn)
 r - a +0 helmet (worn)
 B - a +0 pair of gloves (worn)
 C - a +0 plate armour (worn)
 L - a +0 large shield of protection (worn)
Jewellery
 u - an uncursed ring of fire
 v - a ring of protection from magic (left hand)
 A - a ring of poison resistance (right hand)
 J - an uncursed amulet of the gourmand
 Q - the cursed necklace of Bloodlust (around neck) {*Rage +Rage MR++ Int-3 Slay+6 *Curse}
   (You bought it in a shop on level 11 of the Dungeon)

   [amulet of rage]

   It affects your intelligence (-3).
   It affects your accuracy and damage with ranged weapons and melee attacks
   (+6).
   It affects your resistance to hostile enchantments.
   It lets you go berserk.
   It may make you go berserk in combat.
   It curses itself when equipped.
   It has a curse placed upon it.
Wands
 b - a wand of digging (13)
 l - a wand of paralysis (3)
 w - a wand of iceblast (15)
 D - a wand of disintegration (28)
 F - a wand of polymorph (10)
 G - a wand of flame (11)
 I - a wand of enslavement (16)
Scrolls
 c - a scroll of fog
 h - 7 scrolls of teleportation {@r3}
 i - 4 scrolls of identify {@r1}
 j - a scroll of immolation
 o - 7 scrolls of remove curse {@r2}
 s - 3 scrolls of noise
 H - a scroll of blinking {@r4}
 N - a scroll of enchant weapon
 O - a scroll of fear
Potions
 d - 4 potions of might {@q3}
 f - 2 potions of mutation
 k - a potion of haste {unknown}
 m - a potion of cancellation
 n - 3 potions of curing {@q1}
 p - a potion of magic
 q - 2 potions of agility {@q5}
 t - 3 potions of lignification {@q6}
 x - a potion of berserk rage
 z - a potion of flight
 E - a potion of resistance {unknown}
 K - a potion of invisibility
 M - a potion of heal wounds {unknown}
 P - a potion of brilliance {unknown}
Comestibles
 e - 20 rations


   Skills:
 + Level 7.3 Fighting
 * Level 11.9 Axes
 + Level 8.9 Armour
 + Level 8.1 Dodging
 + Level 9.0 Shields
 * Level 12.1 Invocations


You had 11 spell levels left.
You didn't know any spells.
Your spell library was empty.

Dungeon Overview and Level Annotations

Branches:
Dungeon (15/15)            Temple (1/1) D:6            Lair (1/6) D:8
    Orc (1/2) D:11
 Vaults: D:13-14     Depths: D:15

Altars:
Ashenzari
Cheibriados
Elyvilon
Fedhas
Gozag
Hepliaklqana
Makhleb
Okawaru
Ru
Sif Muna
Trog
Uskayaw
Vehumet
Wu Jian
Xom
Zin
Beogh

Shops:
D:5 =   D:6 *   D:11 %[=(   D:14 *   Orc:1 *

Annotations:
D:12 3 runed translucent doors, Karim's ghost, journeyman GnCj; Lugonue's ghost, journeyman DsVM; Nejeoleb's ghost, journeyman GnWz
Orc:1 3 runed translucent doors, exclusion: obsidian statue, Yermak's ghost, novice CeFi


Innate Abilities, Weirdness & Mutations

You are resistant to damage.
You can heal yourself by infusing magical energy.
You passively map the area around you.
You do not regenerate.
You have a somewhat thin skeletal structure. (Dex +2, Stealth)
You possess an exceptional clarity of mind.


Message History

The 14-headed hydra bites you.
The 14-headed hydra bites you but does no damage.
The 14-headed hydra bites you. The 14-headed hydra closely misses you.
The 14-headed hydra bites you!
You block the 14-headed hydra's attack. x2
The 14-headed hydra barely misses you.
The 14-headed hydra bites you but does no damage.
You block the 14-headed hydra's attack. x2; The 14-headed hydra bites you!
You block the 14-headed hydra's attack. The 14-headed hydra closely misses you.
You are too injured to fight recklessly!
You are too injured to fight recklessly!
You are too injured to fight recklessly!
You are too injured to fight recklessly!
You are too injured to fight recklessly!
You are too injured to fight recklessly!
You are too injured to fight recklessly!
You are too injured to fight recklessly!
You are too injured to fight recklessly!
You are too injured to fight recklessly!
Your shield prevents you from hitting the 14-headed hydra.
The 14-headed hydra is almost dead.
You block the 14-headed hydra's attack.
The 14-headed hydra bites you but does no damage. x2
You block the 14-headed hydra's attack. The 14-headed hydra bites you.
You block the 14-headed hydra's attack. The 14-headed hydra closely misses you.
The 14-headed hydra bites you but does no damage.
The 14-headed hydra bites you!
* * * LOW HITPOINT WARNING * * *
The 14-headed hydra bites you but does no damage. x2
The 14-headed hydra completely misses you.
The 14-headed hydra bites you but does no damage.
The 14-headed hydra completely misses you.
You slice one of the 14-headed hydra's heads off!
The 13-headed hydra grows two more!
You hit the 15-headed hydra.
The 15-headed hydra is almost dead.
The 15-headed hydra barely misses you. You block the 15-headed hydra's attack.
The 15-headed hydra bites you.
* * * LOW HITPOINT WARNING * * *
The 15-headed hydra bites you.
The 15-headed hydra bites you but does no damage.
The 15-headed hydra closely misses you. x2
The 15-headed hydra bites you but does no damage. x2
You block the 15-headed hydra's attack. The 15-headed hydra bites you.
You block the 15-headed hydra's attack. The 15-headed hydra bites you.
* * * LOW HITPOINT WARNING * * *
The 15-headed hydra bites you but does no damage. x2
You feel much better.
You block the 15-headed hydra's attack. x2
The 15-headed hydra bites you!
The 15-headed hydra bites you but does no damage.
The 15-headed hydra bites you. x2
* * * LOW HITPOINT WARNING * * *
The 15-headed hydra closely misses you. You block the 15-headed hydra's attack.
The 15-headed hydra bites you but does no damage. x3
The 15-headed hydra closely misses you.
The 15-headed hydra bites you but does no damage.
You block the 15-headed hydra's attack. The 15-headed hydra bites you.
* * * LOW HITPOINT WARNING * * *
You hack one of the 15-headed hydra's heads off!
The 14-headed hydra grows two more!
You slash the 16-headed hydra!
The 16-headed hydra is almost dead.
You block the 16-headed hydra's attack. x3
The 16-headed hydra barely misses you.
The 16-headed hydra bites you but does no damage.
The 16-headed hydra barely misses you.
The 16-headed hydra bites you but does no damage.
The 16-headed hydra bites you.
* * * LOW HITPOINT WARNING * * *
The 16-headed hydra bites you but does no damage.
You block the 16-headed hydra's attack. The 16-headed hydra bites you!
* * * LOW HITPOINT WARNING * * *
The 16-headed hydra bites you but does no damage. x5
You barely miss the 16-headed hydra.
The 16-headed hydra is almost dead.
You block the 16-headed hydra's attack. The 16-headed hydra closely misses you.
The 16-headed hydra bites you but does no damage. x2
The 16-headed hydra bites you.
The 16-headed hydra bites you but does no damage.
You block the 16-headed hydra's attack. The 16-headed hydra bites you.
* * * LOW HITPOINT WARNING * * *
You block the 16-headed hydra's attack. The 16-headed hydra barely misses you.
The 16-headed hydra bites you!
* * * LOW HITPOINT WARNING * * *
The 16-headed hydra barely misses you.
The 16-headed hydra bites you but does no damage.
You block the 16-headed hydra's attack. x2
The 16-headed hydra bites you but does no damage.
Evoke which item? (* to show all) (? for menu, Esc to quit)
Aiming: Iceblast
Press: ? - help, Shift-Dir - straight line The mass of ice explodes!
The iceblast engulfs the 16-headed hydra!
The 16-headed hydra is almost dead.
You hear a loud, deep croak!
The 16-headed hydra bites you!
* * * LOW HITPOINT WARNING * * *
The 16-headed hydra bites you but does no damage.
You block the 16-headed hydra's attack. x2
The 16-headed hydra bites you but does no damage.
You block the 16-headed hydra's attack. The 16-headed hydra misses you.
You block the 16-headed hydra's attack. The 16-headed hydra bites you.
You die...

, , * * , * , ,
,...... * * , *
#.... . ,, , ,
,$.... .#* * *
, , .... .# , ,
* * .* ,
#..##..# , *
...####......##
* ,
.......D.......
..!....@......#
, *
####.####...###
* * ** ....., *
, ##.# ,* , * *
** # * , * , *
, * ** ,* ,* **
**


You could see a 16-headed hydra.

Vanquished Creatures
  2 two-headed ogres (D:12)
  An orc high priest (Orc:1)
  A wizard (D:9)
  3 unseen horrors
  An ugly thing (D:12)
  A manticore (D:9)
  A cyclops (D:11)
  A centaur zombie (D:11)
  5 large abominations (D:9)
  2 hornets (D:9)
  7 trolls
  3 hippogriffs
  3 shadows (D:12)
  A wraith (D:12)
  3 wyverns
  A steam dragon (D:9)
  3 wargs (Orc:1)
  2 water moccasins
  2 ice beasts
  11 orc warriors
  2 black bears
  2 necrophages
  6 sky beasts
  7 ogres
  2 phantoms
  A centaur (D:9)
  A crocodile (D:12)
  4 big kobolds (D:11)
  7 small abominations (D:9)
  6 bullfrogs
  3 gnoll sergeants (D:11)
  A wyvern zombie (D:12)
  4 scorpions
  5 wights (D:9)
  A howler monkey (D:6)
  4 crimson imps
  9 jellies
  2 quasits
  2 hounds
  3 centaur skeletons
  10 orc wizards
  5 orc priests
  6 bullfrog skeletons
  2 iguanas
  Ijyb (D:3)
  8 worker ants
  A hound zombie (D:6)
  2 worker ant zombies
  4 gnolls (D:11)
  12 adders
  4 shadow imps
  6 oozes
  3 adder zombies
  An adder skeleton (D:6)
  6 worms
  A dart slug (D:2)
  10 leopard geckos
  42 orcs
  2 giant cockroaches
  8 goblins
  7 hobgoblins
  6 jackals
  15 kobolds
  2 quokkas
  A ball python (D:2)
  6 bats
  6 frilled lizards
  A jackal skeleton (D:8)
  A leopard gecko skeleton (D:6)
  12 rats
317 creatures vanquished.

Vanquished Creatures (collateral kills)
  A hydra (D:12)
  3 ugly things (D:15)
  3 yaks (D:12)
  A wyvern zombie (D:12)
  A jelly (D:15)
  An orc (D:15)
10 creatures vanquished.

Vanquished Creatures (others)
  A goblin (D:3)
1 creature vanquished.

Grand Total: 328 creatures vanquished

Notes
Turn   | Place    | Note
-------+----------+-------------------------------------------
     0 | D:1      | EnegeticOcto the Deep Dwarf Fighter began the quest for the
                  | Orb.
     0 | D:1      | Reached XP level 1. HP: 20/20 MP: 1/1
    58 | D:1      | Reached XP level 2. HP: 24/27 MP: 2/2
   186 | D:1      | Reached XP level 3. HP: 22/33 MP: 3/3
   362 | D:1      | Reached skill level 1 in Dodging
   593 | D:2      | Found a snail-covered altar of Cheibriados.
   660 | D:2      | Found a faded altar of an unknown god.
   947 | D:2      | Reached XP level 4. HP: 36/42 MP: 4/4
  1673 | D:3      | Noticed Ijyb
  1687 | D:3      | Killed Ijyb
  2192 | D:4      | Found an iron altar of Okawaru.
  2202 | D:4      | Reached XP level 5. HP: 49/49 MP: 5/5
  2213 | D:4      | Found a blossoming altar of Fedhas.
  2757 | D:5      | Entered Level 5 of the Dungeon
  2822 | D:5      | Found a hide-covered altar of Uskayaw.
  2917 | D:5      | Reached XP level 6. HP: 51/56 MP: 6/6
  3246 | D:5      | Found Suas's Jewellery Boutique.
  3484 | D:6      | Found an ornate altar of the Wu Jian Council.
  3512 | D:6      | Found Urchec's Elemental Accessories.
  3524 | D:6      | Reached skill level 5 in Axes
  3557 | D:6      | Reached XP level 7. HP: 48/63 MP: 7/7
  3686 | D:6      | Found a staircase to the Ecumenical Temple.
  3708 | Temple   | Entered the Ecumenical Temple
  3716 | Temple   | Became a worshipper of Makhleb the Destroyer
  4242 | D:6      | Gained mutation: You possess an exceptional clarity of
                  | mind. [potion of mutation]
  4242 | D:6      | Gained mutation: You have a somewhat thin skeletal
                  | structure. (Dex +2, Stealth) [potion of mutation]
  4459 | D:7      | Reached skill level 5 in Shields
  4461 | D:7      | Reached skill level 5 in Armour
  4461 | D:7      | Reached skill level 1 in Invocations
  4514 | D:7      | Reached skill level 2 in Invocations
  4586 | D:7      | Reached XP level 8. HP: 55/72 MP: 7/7
  4925 | D:7      | Found a radiant altar of Vehumet.
  4925 | D:7      | Found a sacrificial altar of Ru.
  5038 | D:7      | Reached skill level 3 in Invocations
  5133 | D:8      | Found a staircase to the Lair.
  5209 | D:8      | Reached skill level 4 in Invocations
  5281 | D:8      | Found a shattered altar of Ashenzari.
  5417 | D:8      | Found an opulent altar of Gozag.
  5557 | D:8      | Found a roughly hewn altar of Beogh.
  5582 | D:8      | Reached * piety under Makhleb
  5855 | D:9      | Reached skill level 5 in Invocations
  5974 | D:9      | Gained mutation: You passively map the area around you.
                  | [Deep Dwarf growth]
  5974 | D:9      | Reached XP level 9. HP: 41/79 MP: 10/10
  6091 | D:9      | Noticed a manticore
  6096 | D:9      | Reached skill level 5 in Fighting
  6096 | D:9      | Reached skill level 6 in Invocations
  6110 | D:9      | Killed a manticore
  6110 | D:9      | Reached skill level 5 in Dodging
  6120 | D:9      | Reached skill level 7 in Invocations
  6199 | D:9      | Noticed a troll
  6213 | D:9      | Killed a troll
  6284 | D:9      | Noticed a troll
  6291 | D:9      | Killed a troll
  6291 | D:9      | Reached ** piety under Makhleb
  6291 | D:9      | Reached XP level 10. HP: 46/88 MP: 11/11
  6609 | D:9      | Noticed a wizard
  6611 | D:9      | Paralysed by a wizard for 3 turns
  6639 | D:9      | Killed a wizard
  6639 | D:9      | Reached skill level 8 in Invocations
  6653 | D:9      | Noticed a large abomination
  6653 | D:9      | Noticed a large abomination
  6684 | D:9      | Killed a large abomination
  6715 | D:9      | Noticed a large abomination
  6732 | D:9      | Killed a large abomination
  6732 | D:9      | Reached skill level 9 in Invocations
  6759 | D:9      | Killed a large abomination
  6794 | D:9      | Got an encrusted mace
  6795 | D:9      | Identified the +5 mace of Quneyw {flame, *Corrode +Rage
                  | Int+4} (You found it on level 9 of the Dungeon)
  6857 | D:9      | Reached skill level 10 in Axes
  6871 | D:9      | Found a white marble altar of Elyvilon.
  6892 | D:10     | Entered Level 10 of the Dungeon
  7074 | D:10     | Reached XP level 11. HP: 86/96 MP: 8/8
  7580 | D:10     | Identified a scroll of acquirement
  7580 | D:10     | Identified the +6 fustibalus of Painful Death {vorpal,
                  | Fragile rC+ rN+} (You acquired it on level 10 of the
                  | Dungeon)
  7580 | D:10     | Identified the ring of Yblogok {+Blink rElec rF- Dex+2
                  | Stlth+} (You acquired it on level 10 of the Dungeon)
  7642 | D:11     | Found Eteoluz's Antique Weapon Emporium.
  7744 | D:11     | Found Duv Niony's Food Emporium.
  7778 | D:11     | Reached skill level 10 in Invocations
  7778 | D:11     | Reached *** piety under Makhleb
  7926 | D:11     | Found Locup's Jewellery Shop.
  8000 | D:11     | You fall into a shaft and drop 3 floors!
  8001 | D:14     | Found Atecs's General Store.
  8026 | D:14     | You fall into a shaft and drop 1 floor!
  8026 | D:15     | Entered Level 15 of the Dungeon
  8026 | D:15     | Noticed a brown ugly thing
  8027 | D:15     | Noticed a brown ugly thing
  8027 | D:15     | Noticed a brown ugly thing
  8034 | D:15     | Killed a cyan ugly thing
  8037 | D:15     | Killed a cyan ugly thing
  8044 | D:15     | Killed a brown ugly thing
  8242 | D:14     | Killed an unseen horror
  8270 | D:13     | Noticed a vault guard
  8270 | D:13     | Noticed a deep elf knight
  8326 | D:12     | Killed an unseen horror
  8358 | D:12     | Found a runed translucent gate.
  8412 | D:12     | Killed an unseen horror
  8528 | D:12     | Reached skill level 11 in Invocations
  8578 | D:12     | Noticed a brown ugly thing
  8583 | D:12     | Noticed a two-headed ogre
  8596 | D:12     | Killed a brown ugly thing
  8607 | D:12     | HP: 2/99 [wyvern (10)]
  8641 | D:12     | Killed a two-headed ogre
  8684 | D:12     | Noticed a two-headed ogre
  8691 | D:12     | Killed a two-headed ogre
  8713 | D:12     | Reached **** piety under Makhleb
  8764 | D:12     | Noticed an eight-headed hydra
  8797 | D:12     | Killed a ten-headed hydra
  8797 | D:12     | Reached XP level 12. HP: 24/109 MP: 7/7
  9036 | D:12     | Found a runed translucent gate.
  9037 | D:12     | Found a runed translucent gate.
  9038 | D:12     | Noticed Nejeoleb's ghost (journeyman GnWz)
  9038 | D:12     | Noticed Lugonue's ghost (journeyman DsVM)
  9038 | D:12     | Noticed Karim's ghost (journeyman GnCj)
  9038 | D:12     | Noticed Nejeoleb's ghost (journeyman GnWz)
  9266 | D:11     | Found Zoziang's Armour Shoppe.
  9403 | D:11     | Found a staircase to the Orcish Mines.
  9664 | Orc:1    | Entered Level 1 of the Orcish Mines
  9683 | Orc:1    | Noticed an orc high priest
  9699 | Orc:1    | Reached skill level 12 in Invocations
  9704 | Orc:1    | Killed an orc high priest
  9824 | Orc:1    | Found a runed translucent gate.
  9825 | Orc:1    | Found a runed translucent gate.
  9827 | Orc:1    | Found a runed translucent gate.
  9829 | Orc:1    | Found an opulent altar of Gozag.
  9830 | Orc:1    | Noticed Yermak's ghost (novice CeFi)
  9833 | Orc:1    | Found Akokomid's Assorted Antiques.
 10109 | D:11     | Bought the cursed necklace of Bloodlust {*Rage +Rage MR++
                  | Int-3 Slay+6 *Curse} for 968 gold pieces
 10109 | D:11     | Found the cursed necklace of Bloodlust {*Rage +Rage MR++
                  | Int-3 Slay+6 *Curse}
 10237 | Lair:1   | Entered Level 1 of the Lair of Beasts
 10237 | Lair:1   | Noticed a six-headed hydra
 10256 | Lair:1   | HP: 1/109 [16-headed hydra (9)]
 10256 | Lair:1   | Slain by a 16-headed hydra

Levels and vault maps discovered:
D:1:      dpeg_arrival_leaves_temple_mockup, layout_basic
D:2:      minmay_recursive_quarters, layout_loops_ring, lemuel_doored_altar,
          chequers_ecumenical_altar_simple_redux, chequers_serial_rivers_micro_e
D:3:      layout_loops_ring, uniq_ijyb
D:4:      layout_gridville, fedhas_altar_3, okawaru_ov_weapons_minmay
D:5:      layout_loops_cross, eat_drink_and_be_merry_uskayaw, serial_shops,
          shop, serial_bayou, serial_bayou_pond_e, serial_bayou_pond_e,
          serial_bayou_crossing, serial_bayou_shore_b, first_ration,
          grunt_ministairs_14, fountainhead
D:6:      layout_cave_pools, nicolae_overflow_hidden_temple,
          minmay_temple_entry_purple_smoke, chequers_hall_statues_wall_a,
          hangedman_decor_slide_cut, nicolae_elemental_shop,
          chequers_serial_rivers_room_a, supply_closet_lemuel,
          hangedman_decor_growths
D:7:      layout_loops_corners, gammafunk_temple_overflow_wave
D:8:      layout_rooms, nicolae_overflow_crystal_walls, dpeg_oklobed_lair,
          basic_altar, special_room [special_room_orc]
D:9:      layout_loops_corners, lemuel_coloured_pillars_altar,
          hangedman_little_slice_of_home, laboratory
D:10:     layout_basic
D:11:     layout_loops_ring, kennysheep_orc_monster_closet_entryway,
          serial_shops, shop, kennysheep_mini_moat, shop, shop
D:12:     layout_long_grid, gammafunk_ghost_cemetery, grunt_ministairs_8
D:13:     layout_irregular_city, grunt_vaults_entry_fortified
D:14:     layout_rooms, minmay_splitting_lines, serial_shops,
          nicolae_shop_crystal, hangedman_decor_push
D:15:     grunt_enter_depths_magical_seal, layout_loops_cross,
          gammafunk_ghost_arena, serial_shops, nicolae_shop_stone,
          grunt_ministairs_9, uniq_nessos
Temple:   eino_temple_lava
Lair:1:   layout_loops_ring
Orc:1:    layout_diamond_mine, ebering_ghost_gozag

Skill      XL: |  1  2  3  4  5  6  7  8  9 10 11 12 |
---------------+-------------------------------------+-----
Axes           | 3 4 5 6 7 8 10 11 | 11.9
Dodging        | 1 2 3 4 5 6 7 8 |  8.1
Fighting       | 3 4 5 6 7 |  7.3
Armour         | 4 5 6 7 8 |  8.9
Shields        | 4 5 6 7 8 9 |  9.0
Invocations    | 2 5 7 9 11 12 | 12.1

Action                   |  1- 3 |  4- 6 |  7- 9 | 10-12 || total
-------------------------+-------+-------+-------+-------++-------
Melee: War axe           |   107 |   192 |   390 |   678 ||  1367
Invok: Lesser Servant of |       |       |       |     5 ||     5
 Abil: Heal Wounds       |     1 |     2 |    13 |    40 ||    56
Evoke: Wand              |       |       |       |     8 ||     8
  Use: Scroll            |       |    14 |    10 |     4 ||    28
       Potion            |       |       |     1 |     1 ||     2
 Stab: Invisible         |       |       |       |     8 ||     8
  Eat: Chunk             |       |     6 |     9 |    29 ||    44
       Ration            |       |     1 |       |       ||     1
Armor: Scale mail        |    48 |    80 |    19 |       ||   147
       Plate armour      |       |       |   234 |   609 ||   843
Dodge: Dodged            |    36 |    59 |   109 |   203 ||   407
Block: Shield            |    63 |    83 |   249 |    99 ||   494
       Large shield      |       |       |       |   586 ||   586

Table legend:
 A = Non-vault XP
 B = Vault XP
 C = Vault XP percentage of total XP
 D = Non-vault monster count
 E = Vault monster count
 F = Vault count percentage of total count
                 A         B        C        D         E       F
            +---------+---------+-------+---------+---------+-------
      Total |   20401 |    7773 |  27.6 |     260 |      67 |  20.5
            +---------+---------+-------+---------+---------+-------
        D:1 |      60 |       0 |   0.0 |      36 |       0 |   0.0
        D:2 |      37 |      11 |  22.9 |      11 |       7 |  38.9
        D:3 |      42 |      36 |  46.2 |      12 |       1 |   7.7
        D:4 |     162 |       0 |   0.0 |       7 |       0 |   0.0
        D:5 |     186 |       0 |   0.0 |      12 |       0 |   0.0
        D:6 |     528 |       0 |   0.0 |      17 |       0 |   0.0
        D:7 |     617 |       0 |   0.0 |      17 |       0 |   0.0
        D:8 |     681 |      74 |   9.8 |      14 |      12 |  46.2
        D:9 |    4191 |    3608 |  46.3 |      29 |      21 |  42.0
       D:10 |    1403 |       0 |   0.0 |      14 |       0 |   0.0
       D:11 |    2192 |    1827 |  45.5 |      28 |      20 |  41.7
       D:12 |    7166 |    1147 |  13.8 |      37 |       2 |   5.1
       D:14 |     760 |       0 |   0.0 |       2 |       0 |   0.0
       D:15 |       2 |    1070 |  99.8 |       1 |       4 |  80.0
     Lair:1 |      85 |       0 |   0.0 |       1 |       0 |   0.0
      Orc:1 |    2289 |       0 |   0.0 |      22 |       0 |   0.0
            +---------+---------+-------+---------+---------+-------
